 Dungeon Crawl Stone Soup version 0.20.0-15-g7f486f2 (webtiles) character file.

21455 theElss the Fighter (level 12, 0/121 HPs)
             Began as a Gargoyle Berserker on June 14, 2017.
             Was a High Priest of Trog.
             Slain by an eight-headed hydra (9 damage)
             ... on level 1 of the Lair of Beasts.
             The game lasted 00:40:33 (13759 turns).

theElss the Fighter (Gargoyle Berserker)           Turns: 13759, Time: 00:40:34

Health: 0/121      AC: 21    Str: 31    XL:     12   Next: 90%
Magic:  12/12      EV: 16    Int:  8    God:    Trog [*****.]
Gold:   644        SH:  0    Dex:  9    Spells: 11/11 levels left

rFire    . . .     SeeInvis .   K - +2 whip (venom)
rCold    + + .     Gourm    .   (no shield)
rNeg     + . .     Faith    .   u - +1 leather armour {rC+}
rPois    ∞         Spirit   .   N - +0 helmet
rElec    +         Reflect  .   (no cloak)
rCorr    .         Harm     .   f - +2 pair of gloves
MR       .....                  D - +2 pair of boots
Stlth    ..........             (no amulet)
Regen    0.3/turn               W - ring of protection from cold
MPRegen  0.2/turn               (no ring)

@: berserking, heavily drained, very quick
A: negative energy resistance 1, electricity resistance, unbreathing,
petrification resistance, rot immunity, AC +8
a: Berserk, Trog's Hand, Brothers in Arms, Burn Spellbooks, Renounce Religion


You were on level 1 of the Lair of Beasts.
You worshipped Trog.
Trog was extremely pleased with you.
You were very hungry.

You visited 2 branches of the dungeon, and saw 13 of its levels.
You also visited: Ossuary.

You collected 770 gold pieces.
You spent 126 gold pieces at shops.

Inventory:

Hand Weapons
 I - the +12 hand axe "Toyhex" {chop, MR+}
   (You found it on level 8 of the Dungeon)

   It inflicts extra damage upon your enemies.
   It affects your resistance to hostile enchantments.
 K - a +2 whip of venom (weapon)
 L - the +11 hand axe "Isyr Gofass" {venom, +Rage rPois}
   (You found it on level 8 of the Dungeon)

   It poisons the flesh of those it strikes.
   It protects you from poison.
   It lets you go berserk.
 O - the +9 flail of Nuapnin {vamp, rElec, unknown}
   (You found it on level 12 of the Dungeon)

   It inflicts no extra harm, but heals its wielder when it wounds a living foe.
   It insulates you from electricity.
Armour
 f - a +2 pair of gloves (worn)
 n - a +0 large shield
 u - a +1 leather armour of cold resistance (worn)
 D - a +2 pair of boots (worn)
 N - a +0 helmet (worn)
Jewellery
 d - an uncursed amulet of harm
 p - an uncursed ring of teleportation
 q - an uncursed ring of resist corrosion
 R - an uncursed ring of protection from cold
 W - a ring of protection from cold (left hand)
Wands
 b - a wand of random effects (23/48)
 t - a wand of clouds (4/9)
 B - a wand of scattershot (5/9)
Scrolls
 i - 8 scrolls of teleportation
 j - 2 scrolls of silence {unknown}
 k - a scroll of fog {unknown}
 v - 3 scrolls of enchant weapon
 y - 8 scrolls of remove curse
 A - 2 scrolls of fear
 C - 2 scrolls of recharging
 E - a scroll of blinking {unknown}
 G - 5 scrolls of enchant armour
 H - a scroll of summoning {unknown}
 P - 2 scrolls of magic mapping {unknown}
 Q - 2 scrolls of amnesia {unknown}
 V - a scroll of holy word {unknown}
Potions
 a - 2 potions of brilliance
 e - 2 potions of resistance {unknown}
 g - 5 potions of heal wounds
 l - 7 potions of curing
 o - 5 potions of flight
 r - 3 potions of haste
 w - 2 potions of magic {unknown}
 x - 2 potions of lignification {unknown}
 J - a potion of ambrosia {unknown}
 Y - 2 potions of invisibility {unknown}
Comestibles
 c - 10 bread rations
 h - 6 meat rations
 m - 2 chunks of flesh
 s - 3 royal jellies
 z - 22 fruits


   Skills:
 + Level 11.9(10.3) Fighting
 + Level 11.3(9.8) Maces & Flails
 + Level 7.4(6.0) Armour
 + Level 11.2(9.7) Dodging


You had 11 spell levels left.
You didn't know any spells.

Dungeon Overview and Level Annotations

Branches:
Dungeon (12/15)            Temple (0/1) D:5            Lair (1/6) D:9
    Orc (0/2) D:9

Altars:
Cheibriados
Dithmenos
Elyvilon
Fedhas
Kikubaaqudgha
Makhleb
Nemelex Xobeh
Okawaru
Qazlal
Ru
Vehumet
Xom
Yredelemnul
Zin
The Shining One

Shops:
D:5 !}:   D:8 (   D:12 =


Innate Abilities, Weirdness & Mutations

You are resistant to torment.
Your stone body is resilient. (AC +8)
You are immune to poison.
You resist negative energy. (rN+)
You are resistant to electric shocks. (rElec)
You can survive without breathing.
You are immune to petrification.
You are immune to rotting.


Message History

You are feeling very hungry.
The eight-headed hydra bites you but does no damage.
The eight-headed hydra closely misses you.
The eight-headed hydra misses you.
The eight-headed hydra barely misses you.
The eight-headed hydra bites you but does no damage.
The eight-headed hydra closely misses you.
The eight-headed hydra bites you!
* * * LOW HITPOINT WARNING * * *
The eight-headed hydra bites you.
* * * LOW HITPOINT WARNING * * *
You whack the eight-headed hydra!
The eight-headed hydra looks as sick as possible!
The eight-headed hydra is almost dead.
The eight-headed hydra closely misses you. x3
The eight-headed hydra bites you.
* * * LOW HITPOINT WARNING * * *
The eight-headed hydra closely misses you.
The eight-headed hydra bites you!
You die...

#.+.......#.#......
#.......'...##...
#.......###.##...
#........####P...
#.......## ##...
#.......# #... ##.
#.......# #...
#....###.##+####
###' ......†@.# #.
⌠.....D### ##
....... # .#...##
### #... #.. #...
##. ... +. ..# #.
...


You could see an eight-headed hydra.

Vanquished Creatures
  The ghost of Scuka the Geomancer, a journeyman GrEE of Vehumet (D:12)
  5 two-headed ogres
  A death knight (D:12)
  The ghost of NormalPerson7 the Cleaver, a novice FoWr of Okawaru (D:8)
  Pikel (D:4)
  An ugly thing (D:12)
  A cyclops (D:11)
  2 kobold demonologists (D:11)
  A centaur skeleton (D:12)
  A tengu conjurer (D:10)
  5 trolls
  3 hippogriffs
  A wyvern (D:10)
  A vampire (D:9)
  12 yaks
  2 vampire mosquitoes (D:12)
  Edmund (D:6)
  4 wargs (D:9)
  2 acid dragons
  2 water moccasins
  A porcupine (D:9)
  2 orc warriors
  2 phantoms
  2 eyes of draining
  4 sky beasts
  3 black bears
  5 ice beasts
  2 necrophages (D:9)
  13 ogres
  3 wolves (Lair:1)
  8 centaurs
  A crocodile (D:9)
  A big kobold (D:11)
  16 bullfrogs
  Blork the orc (D:6)
  2 wyvern zombies
  A gnoll sergeant (D:6)
  A water moccasin zombie (D:7)
  6 scorpions
  7 killer bees
  An electric eel (D:6)
  8 wights
  2 howler monkeys (D:11)
  3 centaur zombies
  6 crimson imps
  2 bullfrog zombies
  A bullfrog skeleton (D:12)
  5 hounds
  3 human zombies (Ossuary)
  7 orc priests
  A gnoll shaman (D:4)
  6 jellies
  10 orc wizards
  Ijyb (D:5)
  An iguana (D:7)
  10 worker ants
  A big kobold zombie (Ossuary)
  2 hound zombies
  A hound skeleton (D:9)
  4 mummies (Ossuary)
  A worker ant zombie (D:9)
  A howler monkey zombie (D:5)
  11 gnolls
  13 adders
  2 river rats (D:10)
  A shadow imp (D:12)
  2 adder skeletons
  3 worms
  2 dart slugs
  8 leopard geckos
  37 orcs
  A ball python (D:7)
  A bat zombie (D:2)
  3 giant cockroaches
  2 gnoll zombies (D:3)
  5 goblins
  9 hobgoblins
  10 jackals
  5 quokkas
  7 bats
  8 frilled lizards
  3 goblin zombies
  A hobgoblin zombie (Ossuary)
  A jackal skeleton (D:7)
  3 jackal zombies
  11 kobolds
  A leopard gecko skeleton (D:7)
  A leopard gecko zombie (D:2)
  An orc zombie (Ossuary)
  8 rats
  3 rat zombies
  3 fungi (D:9)
  2 plants (D:9)
374 creatures vanquished.

Vanquished Creatures (others)
  An adder (D:4)
  An orc (D:3)
  A goblin (D:3)
  A quokka (D:3)
  A kobold (D:3)
  8 fungi
  2 plants (D:9)
15 creatures vanquished.

Grand Total: 389 creatures vanquished

Notes
Turn   | Place    | Note
-------+----------+-------------------------------------------
     0 | D:1      | theElss the Gargoyle Berserker began the quest for the Orb.
     0 | D:1      | Reached XP level 1. HP: 14/14 MP: 1/1
   404 | D:1      | Reached XP level 2. HP: 19/19 MP: 2/2
   836 | D:1      | Reached XP level 3. HP: 19/24 MP: 3/3
  1274 | D:2      | Found a shimmering altar of Xom.
  1277 | D:2      | Found a shimmering altar of Xom.
  1632 | D:2      | Found an ancient bone altar of Kikubaaqudgha.
  1664 | D:2      | Found a sparkling altar of Nemelex Xobeh.
  1847 | D:2      | Reached ** piety under Trog
  1930 | D:2      | Found a snail-covered altar of Cheibriados.
  1938 | D:2      | Reached XP level 4. HP: 28/29 MP: 4/4
  2134 | D:3      | Found a white marble altar of Elyvilon.
  2226 | D:3      | Found a basalt altar of Yredelemnul.
  2771 | D:3      | Reached XP level 5. HP: 30/34 MP: 5/5
  3418 | D:4      | Reached XP level 6. HP: 27/39 MP: 6/6
  3631 | D:4      | Reached *** piety under Trog
  3631 | D:4      | Reached skill level 5 in Maces & Flails
  3659 | D:4      | Noticed a phantom
  3814 | D:4      | Killed a phantom
  3814 | D:4      | Reached XP level 7. HP: 44/44 MP: 7/7
  3953 | D:4      | Reached skill level 5 in Fighting
  4421 | D:4      | Noticed Pikel
  4442 | D:4      | Killed Pikel
  4442 | D:4      | Reached XP level 8. HP: 47/50 MP: 8/8
  4576 | D:5      | Entered Level 5 of the Dungeon
  4580 | D:5      | Found a blossoming altar of Fedhas.
  4624 | D:5      | Reached skill level 5 in Armour
  4701 | D:5      | Found a stormy altar of Qazlal.
  4764 | D:5      | Found Bivoger's Distillery.
  4785 | D:5      | Bought a potion of heal wounds for 70 gold pieces
  4785 | D:5      | Bought a potion of curing for 42 gold pieces
  4785 | D:5      | Bought a potion of degeneration for 14 gold pieces
  4862 | D:5      | Found a glowing silver altar of Zin.
  4893 | D:5      | Noticed Ijyb
  4906 | D:5      | Killed Ijyb
  4906 | D:5      | Reached XP level 9. HP: 45/55 MP: 9/9
  4949 | D:5      | Found Roeheoko's Book Shop.
  4949 | D:5      | Found a staircase to the Ecumenical Temple.
  4965 | D:5      | Found a sand-covered staircase.
  4973 | Ossuary  | Entered an ossuary
  5040 | Ossuary  | Reached skill level 5 in Dodging
  5266 | Ossuary  | Reached **** piety under Trog
  5635 | D:5      | Found Otygeu's Gadget Shoppe.
  6406 | D:6      | Noticed Blork the orc
  6421 | D:6      | Killed Blork the orc
  6566 | D:6      | Noticed Edmund
  6580 | D:6      | Killed Edmund
  7208 | D:7      | Reached XP level 10. HP: 63/63 MP: 10/10
  8174 | D:8      | Noticed NormalPerson7's ghost (novice FoWr)
  8195 | D:8      | Killed NormalPerson7's ghost
  8200 | D:8      | Reached skill level 10 in Maces & Flails
  8242 | D:8      | Found a shadowy altar of Dithmenos.
  8334 | D:8      | Got an encrusted hand axe
  8335 | D:8      | Identified the +12 hand axe "Toyhex" {chop, MR+} (You found it on level 8 of the Dungeon)
  8393 | D:8      | Reached ***** piety under Trog
  8435 | D:8      | Got a shimmering hand axe
  8436 | D:8      | Identified the +11 hand axe "Isyr Gofass" {venom, +Rage rPois} (You found it on level 8 of the Dungeon)
  8450 | D:8      | Found a burning altar of Makhleb.
  8464 | D:8      | Found a radiant altar of Vehumet.
  8627 | D:8      | Found Antuenen's Antique Weapon Shoppe.
  8899 | D:8      | Found a glowing golden altar of the Shining One.
  9012 | D:9      | Found a staircase to the Orcish Mines.
  9054 | D:9      | Received a gift from Trog
  9112 | D:9      | Found a staircase to the Lair.
  9172 | D:9      | Reached XP level 11. HP: 54/68 MP: 11/11
  9376 | D:9      | Found a sacrificial altar of Ru.
  9504 | D:9      | Found an iron altar of Okawaru.
  9547 | D:9      | Noticed a two-headed ogre
  9558 | D:9      | Killed a two-headed ogre
 10071 | D:10     | Entered Level 10 of the Dungeon
 10223 | D:10     | Noticed a two-headed ogre
 10231 | D:10     | Killed a two-headed ogre
 10404 | D:10     | Found a snail-covered altar of Cheibriados.
 11165 | D:11     | Noticed a cyclops
 11176 | D:11     | Killed a cyclops
 11276 | D:11     | Noticed a soul eater
 11284 | D:11     | Noticed a sun demon
 11288 | D:11     | Noticed a soul eater
 11301 | D:11     | Noticed a soul eater
 11301 | D:11     | Reached skill level 10 in Fighting
 11301 | D:11     | Reached XP level 12. HP: 69/77 MP: 12/12
 11710 | D:11     | Received a gift from Trog
 11730 | D:11     | Reached skill level 10 in Dodging
 11833 | D:11     | Noticed a two-headed ogre
 11843 | D:11     | Killed a two-headed ogre
 12095 | D:12     | Found Volanyfa's Jewellery Shoppe.
 12095 | D:12     | Noticed Scuka's ghost (journeyman GrEE)
 12107 | D:12     | Killed Scuka's ghost
 12458 | D:12     | Got a scorched flail
 12739 | D:12     | Noticed a two-headed ogre
 12748 | D:12     | Killed a two-headed ogre
 12967 | D:12     | Noticed a death knight
 12994 | D:12     | Killed a death knight
 13200 | D:12     | Noticed a two-headed ogre
 13204 | D:12     | Killed a two-headed ogre
 13645 | Lair:1   | Entered Level 1 of the Lair of Beasts
 13740 | Lair:1   | Noticed a four-headed hydra
 13759 | Lair:1   | Slain by an eight-headed hydra

Skill      XL: |  1  2  3  4  5  6  7  8  9 10 11 12 |
---------------+-------------------------------------+-----
Fighting       | 4 5 7 8 10 11 | 11.9
Dodging        | 2 3 4 6 7 9 11 | 11.2
Maces & Flails | 4 5 7 9 10 11 | 11.3
Armour         | 3 4 5 6 7 |  7.4

Action                   |  1- 3 |  4- 6 |  7- 9 | 10-12 || total
-------------------------+-------+-------+-------+-------++-------
Melee: Mace              |   142 |   164 |       |       ||   306
       Whip              |       |    24 |   543 |   157 ||   724
       Hand axe          |       |       |       |   521 ||   521
Invok: Berserk           |     1 |     4 |     1 |     9 ||    15
       Trog's Hand       |       |       |       |     1 ||     1
  Use: Scroll            |       |       |     9 |     6 ||    15
 Stab: Sleeping          |     1 |       |       |       ||     1
  Eat: Chunk             |     4 |     9 |    11 |    26 ||    50
       Fruit             |       |       |     2 |       ||     2
       Royal jelly       |       |       |       |     2 ||     2
Armor: Animal skin       |    69 |       |       |       ||    69
       Leather armour    |       |    85 |   221 |   350 ||   656
Dodge: Dodged            |    89 |   129 |   326 |   535 ||  1079
